AoeStats
← engincetin585858

Arabia

509069455Analyzed
1v1 RM · 7d ago on Sep 25, 2026· 53m 23s· 2 players
Game mode
Random Map
Map size
Tiny (2 player)
Population
200
Speed
Normal
Resources
Standard
Victory
Conquest
Starting age
Dark Age
Ending age
Imperial Age
RankedLock teamsTeams togetherTeam positionsShared explorationLock speedFull tech treeHidden civsTurbo modeCheats
Victory
Defeat
🇹🇷 Magyars · Türkiye
1561
+18
🇨🇳 Vietnamese · China
1611
-18
engincetin585858
6:33 Loom
9:17 Feudal Age
9:48 Double-Bit Axe
11:27 Horse Collar
18:31 Gold Mining
21:57 Castle Age
20:01 Fletching
20:12 Padded Archer Armor
21:30 Wheelbarrow
21:36 Bloodlines
23:07 Bow Saw
23:15 Bodkin Arrow
23:36 Heavy Plow
24:01 Husbandry
26:24 Leather Archer Armor
26:55 Thumb Ring
28:18 Ballistics
36:46 Imperial Age
36:34 Stone Mining
36:55 Scale Barding Armor
39:47 Chemistry
39:27 Bracer
39:17 Cavalier
40:42 Hand Cart
40:13 Town Watch
41:08 Chain Barding Armor
41:29 Masonry
42:32 Plate Barding Armor
44:04 Parthian Tactics
45:52 Ring Archer Armor
45:00 Paladin
47:31 Two-Man Saw
47:30 Conscription
47:16 Recurve Bow
48:10 Heavy Cavalry Archer
48:56 Treadmill Crane
49:54 Crop Rotation
51:18 Elite Skirmisher
52:22 Light Cavalry
肥鱼
6:16 Loom
8:56 Feudal Age
9:48 Double-Bit Axe
9:44 Horse Collar
15:33 Fletching
18:34 Wheelbarrow
21:54 Castle Age
21:11 Padded Archer Armor
21:38 Gold Mining
22:03 Bloodlines
23:33 Husbandry
24:02 Bow Saw
27:19 Sanctity
27:09 Elite Skirmisher
28:04 Bodkin Arrow
30:11 Ballistics
32:46 Leather Archer Armor
33:43 Stone Mining
39:16 Imperial Age
38:58 Thumb Ring
39:28 Treadmill Crane
39:59 Masonry
41:01 Chemistry
40:03 Bracer
39:40 Imperial Skirmisher
41:05 Ring Archer Armor
43:38 Masonry
46:51 Squires
46:12 Pikeman
46:53 Scale Mail Armor
47:17 Forging
48:10 Chain Mail Armor
49:07 Arson
49:16 Halberdier
Connection lost

Rejoining the realm…

Still unreachable

The connection could not be restored.

Session expired

The server has moved on; the page needs a fresh start.